 Dungeon Crawl Stone Soup version 0.25-a0-663-gace7076f2c (webtiles) character file.

Game seed: 8866842143315681128, levelgen mode: deterministic

9153 inmateoo the Frost Mage (level 11, -20/96 (97) HPs)
             Began as a Yellow Draconian Ice Elementalist on Mar 25, 2020.
             Was a Believer of Ashenzari.
             Demolished by WasteTime2's ghost (21 damage)
             ... on level 9 of the Dungeon.
             The game lasted 00:23:21 (10319 turns).

inmateoo the Frost Mage (DrIE)                     Turns: 10319, Time: 00:23:21

HP:   -20/96 (97)   AC: 18    Str: 11    XL:     11   Next: 19%
MP:   16/29         EV: 15    Int: 24    God:    Ashenzari [**....]
Gold: 487           SH:  3    Dex: 11    Spells: 7/22 levels left

rFire    . . .     SeeInvis .   s - +4 quarterstaff (chaos)
rCold    . . .     Gourm    .   (shield currently unavailable)
rNeg     . . .     Faith    .   (armour unavailable)
rPois    .         Spirit   .   (helmet restricted)
rElec    .         Reflect  +   r - +1 cloak
rCorr    +         Harm     .   (no gloves)
MR       .....                  c - +0 pair of boots
Stlth    ++........             y - +3 amulet of reflection (curse)
HPRegen  0.26/turn              A - +5 ring of intelligence (curse)
MPRegen  0.21/turn              z - ring of magical power

@: icy armour
A: spit acid, unfitting armour, cold-blooded, acid resistance, AC +7
a: Breathe Acid, Curse Item, Scrying, Renounce Religion


You were on level 9 of the Dungeon.
You worshipped Ashenzari.
Ashenzari was pleased with you.
You were not hungry.

You visited 2 branches of the dungeon, and saw 10 of its levels.
You visited the Abyss 1 time.

You collected 487 gold pieces.

Inventory:

Hand Weapons
 a - a +3 dagger of venom
 s - a +4 quarterstaff of chaos (weapon)
 t - the +3 dagger of Trauma {vamp, rN+ Dex-4 SInv}
   (You found it on level 6 of the Dungeon)

   It inflicts no extra harm, but heals its wielder when it wounds a living foe.
   It affects your dexterity (-4).
   It protects you from negative energy.
   It lets you see invisible.
 w - a +2 rapier of venom
Armour
 c - a +0 pair of boots (worn)
 r - a +1 cloak (worn)
Jewellery
 u - an uncursed ring of ice
 y - a cursed +3 amulet of reflection (around neck)
 z - a ring of magical power (right hand)
 A - a cursed +5 ring of intelligence (left hand)
 H - an uncursed ring of poison resistance
Wands
 o - a wand of flame (15)
 B - a wand of clouds (5)
 C - a wand of scattershot (7)
Scrolls
 k - a scroll of teleportation
 x - a scroll of blinking
 E - a scroll of enchant armour
 G - a scroll of enchant weapon
Potions
 d - a potion of heal wounds
 e - 2 potions of stabbing
 f - 2 potions of magic
 g - a potion of mutation
 h - 3 potions of curing
 i - a potion of resistance
 j - 3 potions of brilliance {unknown}
 l - a potion of experience {unknown}
 m - 3 potions of haste {unknown}
 n - a potion of ambrosia {unknown}
 p - 2 potions of lignification {unknown}
 q - a potion of might
 v - a potion of degeneration {unknown}
Miscellaneous
 F - a lightning rod (1/4)
Comestibles
 b - 15 rations


   Skills:
 + Level 9.1 Fighting
 - Level 5.0 Staves
 + Level 7.1 Dodging
 - Level 2.0 Stealth
 - Level 6.0 Spellcasting
 - Level 3.0(4.3) Conjurations
 - Level 3.0(4.2) Charms
 * Level 10.5(11.8) Ice Magic


You had 7 spell levels left.
You knew the following spells:

 Your Spells              Type           Power        Failure   Level  Hunger
a - Freeze                Ice            ####         1%          1    None
b - Frozen Ramparts       Ice            ######       1%          3    #......
c - Ozocubu's Armour      Chrm/Ice       #####...     1%          3    #......
d - Hailstorm             Conj/Ice       #####...     3%          4    ###....
e - Summon Ice Beast      Ice/Summ       #####...     7%          4    ###....

Your spell library contained the following spells:

 Spells                   Type           Power        Failure   Level  Hunger
 Shock                    Conj/Air       ###.         3%          1    None
 Swiftness                Chrm/Air       ###.....     4%          2    None
 Animate Skeleton         Necr           N/A          8%          1    None
 Apportation              Tloc           #.....       8%          1    None
 Corona                   Hex            #......      8%          1    None
 Summon Butterflies       Summ           #.......     8%          1    None
 Summon Small Mammal      Summ           #...         8%          1    None
 Static Discharge         Conj/Air       ###.....     10%         3    #......
 Lesser Beckoning         Tloc           #.........   22%         3    #......
 Tukima's Dance           Hex            #.......     22%         3    #......
 Airstrike                Air            #.........   58%         4    ###....
 Lightning Bolt           Conj/Air       ###.......   65%         5    #####..
 Alistair's Intoxication  Tmut/Pois      #.......     90%         5    #####..
 Invisibility             Hex            #.......     100%        6    ######.


Dungeon Overview and Level Annotations

Branches:
Dungeon (9/15)             Temple (1/1) D:4
   Lair: D:8-11         Orc: D:9-12

Altars:
Ashenzari
Cheibriados
Dithmenos
Elyvilon
Fedhas
Gozag
Hepliaklqana
Kikubaaqudgha
Makhleb
Nemelex Xobeh
Okawaru
Qazlal
Ru
Sif Muna
Trog
Uskayaw
Vehumet
Wu Jian
Xom
Yredelemnul
Zin
The Shining One

Annotations:
D:9 WasteTime2's ghost, novice DsGl


Innate Abilities, Weirdness & Mutations

You can spit globs of acid.
Your golden yellow scales are hard. (AC +7)
You cannot fit into any form of body armour.
You are cold-blooded and may be slowed by cold attacks.
You are resistant to acid. (rCorr)


Message History

* * * LOW HITPOINT WARNING * * *
Your ice beast barely misses WasteTime2's ghost.
Your ice beast hits WasteTime2's ghost but does no damage.
Your ice beast hits WasteTime2's ghost.
Your ice beast freezes WasteTime2's ghost.
WasteTime2's ghost resists.
You hit WasteTime2's ghost but do no damage.
WasteTime2's ghost seems to grow stronger.
WasteTime2's ghost is heavily damaged.
WasteTime2's ghost hits you!
* * * LOW HITPOINT WARNING * * *
Your ice beast hits WasteTime2's ghost.
Your ice beast freezes WasteTime2's ghost.
WasteTime2's ghost resists.
Your ice beast hits WasteTime2's ghost but does no damage.
Your ice beast misses WasteTime2's ghost.
You closely miss WasteTime2's ghost.
WasteTime2's ghost is heavily damaged.
WasteTime2's ghost hits you!!
You die...

#.....# #. * , #.....#
#####.#### * #.....# #.......{#
, ###.### #..##.#).# #.....#
#..##.#.)# ###.#.#.####..#..#..#
, #...#......YY.#.##..#
#.#......###W.......###
*#...##...###Y@........#
.........)).......#####.########
..##.....#(###.##....##........#
*. #.##..#.##.#...###.#..#####.#
* #.........###.## ##...#......
, ###...##(## #.# #.....#.#.# *
#...###(###.## ##.........# * *
#...# ##.#.#.###.########## , {
#...*####:###...##


You could see WasteTime2's ghost and 3 friendly ice beasts.

Vanquished Creatures
  2 necromancers (D:9)
  A smoke demon (Abyss:2)
  A kobold demonologist (D:8)
  A troll (D:9)
  Sigmund (D:2)
  5 shadows (D:9)
  4 flying skulls (D:9)
  A wraith (D:9)
  A spriggan (D:9)
  Eustachio (D:6)
  A hungry ghost (D:9)
  2 water moccasins
  3 orc warriors
  A black bear (D:8)
  A hornet zombie (D:9)
  A sky beast (D:8)
  3 ogres
  3 phantoms
  A necrophage (D:8)
  A centaur (D:6)
  The ghost of emiel the Conjurer, an amateur DsWn (D:4)
  13 big kobolds
  Blork the orc (D:4)
  4 bullfrogs
  A wyvern skeleton (D:9)
  2 scorpions (D:4)
  A water moccasin skeleton (D:9)
  9 killer bees
  11 wights
  A howler monkey (D:7)
  2 crimson imps
  A centaur zombie (D:9)
  7 hounds
  Crazy Yiuf (D:4)
  5 bullfrog skeletons
  2 bullfrog zombies
  8 orc priests
  2 iguanas (D:8)
  3 centaur skeletons
  5 orc wizards
  3 worker ants
  A killer bee zombie (D:8)
  2 hound skeletons (D:9)
  2 worker ant zombies
  A howler monkey skeleton (D:9)
  A howler monkey zombie (D:7)
  12 adders
  3 gnolls (D:4)
  3 shadow imps
  2 oozes
  2 adder skeletons (D:9)
  An adder zombie (D:7)
  2 worms (D:2)
  2 dart slugs
  2 leopard geckos
  31 orcs
  4 giant cockroaches
  14 goblins
  9 hobgoblins
  14 jackals
  4 quokkas
  A ball python (D:8)
  10 bats
  5 frilled lizards
  2 jackal skeletons
  48 kobolds
  10 kobold skeletons (D:8)
  8 kobold zombies (D:8)
  A quokka skeleton (D:9)
  5 rats
320 creatures vanquished.

Vanquished Creatures (collateral kills)
  An orc (D:9)
1 creature vanquished.

Vanquished Creatures (others)
  An orc wizard (D:6)
  6 starspawn tentacles (Abyss:2)
  8 toadstools
15 creatures vanquished.

Grand Total: 336 creatures vanquished

Notes
Turn   | Place    | Note
-------+----------+-------------------------------------------
     0 | D:1      | inmateoo the Draconian Ice Elementalist began the quest for
                  | the Orb.
     0 | D:1      | Reached XP level 1. HP: 14/14 MP: 3/3
   291 | D:1      | Reached skill level 1 in Fighting
   291 | D:1      | Reached XP level 2. HP: 13/23 MP: 0/5
   661 | D:1      | You fall into a shaft and drop 1 floor!
   815 | D:2      | Reached XP level 3. HP: 26/28 MP: 4/6
  1373 | D:2      | Noticed Sigmund
  1400 | D:2      | Killed Sigmund
  1400 | D:2      | Reached XP level 4. HP: 19/38 MP: 0/8
  1400 | D:2      | Reached XP level 5. HP: 23/45 MP: 0/9
  1550 | D:2      | Learned a level 3 spell: Frozen Ramparts
  1554 | D:2      | Learned a level 3 spell: Ozocubu's Armour
  1785 | D:2      | Reached XP level 6. HP: 52/52 MP: 7/10
  1957 | D:3      | You fall into a shaft and drop 3 floors!
  2006 | D:5      | Entered Level 5 of the Dungeon
  2529 | D:4      | Found a staircase to the Ecumenical Temple.
  2551 | Temple   | Entered the Ecumenical Temple
  2626 | Temple   | Became a worshipper of Ashenzari the Shackled
  2827 | D:4      | Found a runed translucent door.
  2828 | D:4      | Found a blossoming altar of Fedhas.
  2838 | D:4      | Found a hide-covered altar of Uskayaw.
  2841 | D:4      | Found a white marble altar of Elyvilon.
  2858 | D:4      | Noticed emiel's ghost (amateur DsWn)
  2939 | D:4      | Reached skill level 5 in Ice Magic
  2961 | D:4      | Your scales start taking on a golden yellow colour.
  2961 | D:4      | Reached XP level 7. HP: 25/60 MP: 3/12
  2961 | D:4      | Gained mutation: You are resistant to acid. (rCorr) [Yellow
                  | Draconian growth]
  3135 | D:4      | Cast into level 2 of the Abyss (orc wizard)
  3149 | Abyss:2  | Found a stormy altar of Qazlal.
  3182 | Abyss:2  | Noticed an orange demon
  3193 | Abyss:2  | Noticed a sixfirhy
  3194 | Abyss:2  | Noticed a fire bat
  3230 | Abyss:2  | Noticed a smoke demon
  3245 | Abyss:2  | Noticed a tentacled starspawn
  3271 | Abyss:2  | Noticed a demonic crawler
  3286 | Abyss:2  | Noticed a raiju
  3287 | Abyss:2  | Noticed a guardian serpent
  3317 | Abyss:2  | Reached * piety under Ashenzari
  3344 | Abyss:2  | Noticed a large abomination
  3351 | Abyss:2  | Noticed a smoke demon
  3351 | Abyss:2  | Noticed a wretched star
  3357 | Abyss:2  | Killed a smoke demon
  3357 | Abyss:2  | Reached skill level 5 in Fighting
  3360 | D:4      | Escaped the Abyss
  3616 | D:4      | Found a runed translucent door.
  3617 | D:4      | Noticed Crazy Yiuf
  3694 | D:4      | Noticed Blork the orc
  3699 | D:4      | Killed Blork the orc
  3864 | D:4      | Killed Crazy Yiuf
  3959 | D:4      | Reached XP level 8. HP: 54/56 MP: 7/11
  3960 | D:4      | Killed emiel's ghost
  4071 | D:5      | Reached skill level 6 in Ice Magic
  4320 | D:5      | Learned a level 4 spell: Hailstorm
  5034 | D:6      | Reached skill level 5 in Spellcasting
  5041 | D:6      | Reached skill level 5 in Dodging
  5183 | D:6      | Found a shimmering blue altar of Sif Muna.
  5193 | D:6      | Found a shadowy altar of Dithmenos.
  5199 | D:6      | Found an opulent altar of Gozag.
  5203 | D:6      | Noticed Eustachio
  5206 | D:6      | Found an iron altar of Okawaru.
  5210 | D:6      | Found a glowing silver altar of Zin.
  5213 | D:6      | Killed Eustachio
  5283 | D:6      | Reached skill level 7 in Ice Magic
  5283 | D:6      | Reached XP level 9. HP: 61/79 MP: 14/17
  5301 | D:6      | Got the dagger of Trauma {vamp, rN+ Dex-4 SInv}
  6142 | D:7      | Learned a level 4 spell: Summon Ice Beast
  6352 | D:7      | Reached skill level 1 in Charms
  6364 | D:7      | Reached skill level 1 in Staves
  6364 | D:7      | Reached skill level 1 in Conjurations
  6965 | D:8      | Reached skill level 8 in Ice Magic
  8009 | D:8      | Noticed a kobold demonologist
  8012 | D:8      | Noticed a rust devil
  8013 | D:8      | Noticed an orange demon
  8021 | D:8      | Killed a kobold demonologist
  8021 | D:8      | Reached XP level 10. HP: 78/88 MP: 19/19
  8082 | D:8      | Found an ancient bone altar of Kikubaaqudgha.
  8322 | D:8      | Reached ** piety under Ashenzari
  8839 | D:9      | Found a glowing silver altar of Zin.
  8845 | D:9      | Reached skill level 9 in Ice Magic
  9039 | D:9      | Noticed a necromancer
  9039 | D:9      | Noticed a necromancer
  9048 | D:9      | Killed a necromancer
  9050 | D:9      | Killed a necromancer
  9050 | D:9      | Reached skill level 10 in Ice Magic
  9069 | D:9      | Reached XP level 11. HP: 30/94 MP: 20/20
  9498 | D:9      | Found a runed translucent door.
  9498 | D:9      | Noticed WasteTime2's ghost (novice DsGl)
  9859 | D:9      | Reached skill level 5 in Staves
 10318 | D:9      | HP: 1/96 [WasteTime2's ghost (13)]
 10319 | D:9      | Demolished by WasteTime2's ghost

Levels and vault maps discovered:
D:1:      ldierk_walled_garden_2, layout_loops_ring
D:2:      minmay_door_path, layout_rooms, uniq_sigmund
D:3:      layout_rooms, first_ration
D:4:      layout_basic, minitemple, minmay_temple_entry_overgrown,
          ebering_ghost_inner_flame, grunt_decor_mini_mirrors,
          uniq_crazy_yiuf_cottage, uniq_blork_the_orc
D:5:      layout_cave_pools
D:6:      layout_cave_pools, grunt_temple_overflow_open, uniq_eustachio
D:7:      layout_cave_pods, serial_rivers, chequers_serial_rivers_small_a,
          chequers_serial_rivers_micro_e, chequers_serial_rivers_room_a,
          chequers_serial_rivers_micro_a, chequers_serial_rivers_micro_a,
          chequers_serial_rivers_small_a
D:8:      wander_kiku_kobolds, layout_layer_cave
D:9:      hangedman_screamer, layout_loops_cross, basic_altar,
          gammafunk_ghost_grave, the_bakery, minmay_tree_intersection,
          minmay_gold_behind_fungi
Temple:   eino_temple_lava

Skill      XL: |  1  2  3  4  5  6  7  8  9 10 11 |
---------------+----------------------------------+-----
Fighting       | 1 3 4 6 7 8 9 |  9.1
Stealth        | 2 |  2.0
Dodging        | 2 3 4 5 6 7 |  7.1
Spellcasting   | 3 4 5 6 |  6.0
Ice Magic      | 5 7 8 10 | 10.5
Charms         | 2 3 |  3.0
Staves         | 2 4 5 |  5.0
Conjurations   | 2 3 |  3.0

Action                   |  1- 3 |  4- 6 |  7- 9 | 10-12 || total
-------------------------+-------+-------+-------+-------++-------
Melee: Unarmed           |     1 |       |       |       ||     1
       Dagger            |    34 |    97 |   130 |       ||   261
       Tailslap          |     1 |     8 |    24 |    12 ||    45
       Quarterstaff      |       |       |   149 |   170 ||   319
 Cast: Freeze            |    42 |    35 |    24 |     1 ||   102
       Frozen Ramparts   |       |     4 |    17 |    11 ||    32
       Hailstorm         |       |       |     8 |     1 ||     9
       Ozocubu's Armour  |       |       |     7 |     4 ||    11
       Summon Ice Beast  |       |       |       |    11 ||    11
Invok: Curse Item        |       |       |       |     2 ||     2
 Abil: Breathe Acid      |       |       |     5 |     3 ||     8
Evoke: Lightning rod     |       |       |       |     4 ||     4
       Wand              |       |       |       |     3 ||     3
  Use: Potion            |     1 |       |       |       ||     1
       Scroll            |       |    10 |     4 |     3 ||    17
 Stab: Sleeping          |     1 |     5 |     1 |       ||     7
  Eat: Chunk             |     2 |     5 |    16 |     2 ||    25
       Ration            |       |       |     1 |     4 ||     5
Armor: Skin              |    28 |    42 |   117 |    76 ||   263
Dodge: Dodged            |    35 |    91 |   281 |   120 ||   527
Block: Other             |       |       |    10 |    20 ||    30
       Reflection        |       |       |     1 |     2 ||     3

Table legend:
 A = Non-vault XP
 B = Vault XP
 C = Vault XP percentage of total XP
 D = Non-vault monster count
 E = Vault monster count
 F = Vault count percentage of total count
                 A         B        C        D         E       F
            +---------+---------+-------+---------+---------+-------
      Total |    6530 |    6546 |  50.1 |     226 |      95 |  29.6
            +---------+---------+-------+---------+---------+-------
        D:1 |      44 |       0 |   0.0 |      23 |       0 |   0.0
        D:2 |     110 |     241 |  68.7 |      27 |       5 |  15.6
        D:3 |      43 |       0 |   0.0 |      17 |       0 |   0.0
        D:4 |     383 |     309 |  44.7 |      17 |       4 |  19.0
        D:5 |     681 |       0 |   0.0 |      27 |       0 |   0.0
        D:6 |     511 |     191 |  27.2 |      10 |       1 |   9.1
        D:7 |     857 |       0 |   0.0 |      30 |       0 |   0.0
        D:8 |    1772 |    1326 |  42.8 |      40 |      52 |  56.5
        D:9 |    1681 |    4479 |  72.7 |      34 |      33 |  49.3
    Abyss:2 |     448 |       0 |   0.0 |       1 |       0 |   0.0
            +---------+---------+-------+---------+---------+-------
